 Dungeon Crawl Stone Soup version 0.27.1 (webtiles) character file.

Game seed: 3285000433121374424

450 ABBCCCDDDD the Skirmisher (level 7, 0/52 HPs)
             Began as an Octopode Chaos Knight on Sept 1, 2021.
             Was a Plaything of Xom.
             Killed by divine providence
             ... invoked by an orc priest
              (14 damage)
             ... on level 5 of the Dungeon.
             The game lasted 00:06:47 (3656 turns).

ABBCCCDDDD the Skirmisher (Octopode Chaos Knight)   Turns: 3656, Time: 00:06:47

Health: 0/52       AC:  1    Str: 12    XL:     7   Next: 4%
Magic:  19/19      EV: 13    Int: 16    God:    Xom [..*...]
Gold:   16         SH:  4    Dex: 11    Spells: 6/10 levels left

rFire    . . .     SeeInvis .     - Unarmed
rCold    . . .     Faith    .   (no shield)
rNeg     . . .     Spirit   .   (helmet restricted)
rPois    .         Reflect  .   (no amulet)
rElec    .         Harm     .   c - ring of wizardry
rCorr    .         Rampage  .   f - ring of magical power
Will     .....                  (no ring)
Stlth    +++.......             (no ring)
HPRegen  1.17/turn              (no ring)
MPRegen  0.16/turn              (no ring)
                                (no ring)
                                (no ring)

@: no status effects
A: almost no armour, amphibious, 8 rings, camouflage 1, gelatinous body 1,
(nimble swimmer 1), tentacles, large bone plates 1, regeneration 1, robust 1
a: Renounce Religion


You were on level 5 of the Dungeon.
You worshipped Xom.
You were a toy of Xom.
You visited 1 branch of the dungeon, and saw 5 of its levels.

You collected 120 gold pieces.
You spent 104 gold pieces at shops.

Inventory:

Missiles
 n - 10 boomerangs (quivered)
 t - 37 stones
Jewellery
 c - a ring of wizardry (left tentacle)
 f - a ring of magical power (right tentacle)
Scrolls
 d - 5 scrolls of teleportation
 g - a scroll of silence
 h - a scroll of magic mapping
 j - 3 scrolls of enchant weapon {unknown}
 k - a scroll of blinking
 l - a scroll of enchant armour
 o - 2 scrolls of fear {unknown}
Potions
 e - a potion of haste
 i - 4 potions of curing
 m - 2 potions of invisibility
 p - 2 potions of lignification
 q - a potion of resistance
 r - a potion of might {unknown}
 s - 3 potions of heal wounds {unknown}


   Skills:
 - Level 4.1 Fighting
 - Level 3.6 Dodging
 + Level 2.7 Stealth
 - Level 4.1 Unarmed Combat
 + Level 2.0 Spellcasting
 - Level 2.0 Transmutations
 - Level 1.0 Air Magic
 + Level 2.8 Poison Magic


You had 6 spell levels left.
You knew the following spells:

 Your Spells              Type           Power      Damage    Failure   Level
a - Wereblood             Tmut           8%         N/A       6%          2
b - Poisonous Vapours     Pois/Air       14%        N/A       6%          2

Your spell library contained the following spells:

 Spells                   Type           Power      Damage    Failure   Level
 Spider Form              Tmut/Pois      4%         N/A       9%          3
 Corpse Rot               Necr/Air       N/A        N/A       11%         2
 Ensorcelled Hibernation  Hex/Ice        2%         N/A       12%         2
 Sublimation of Blood     Necr           0%         N/A       12%         2
 Freezing Cloud           Conj/Ice/Air   1%         6-21      86%         5
 Shadow Creatures         Summ           N/A        N/A       100%        6
 Summon Hydra             Summ           0%         N/A       100%        7


Dungeon Overview and Level Annotations

Branches:
Dungeon (5/15)             Temple (0/1) D:4

Altars:
Makhleb
Uskayaw
Xom

Shops:
D:4 *

Annotations:
D:4 exclusion: two-headed ogre


Innate Abilities, Weirdness & Mutations

You cannot wear most types of armour.
You are amphibious.
You can wear up to eight rings at the same time.
Your skin changes colour to match your surroundings (Stealth+).
Your rubbery body absorbs attacks. (AC +1, EV +1)
((You are camouflaged near water. (Stealth+)))
You have tentacles for arms and can constrict up to eight enemies at once.
You are partially covered in large bone plates. (SH +4)
Your natural rate of healing is unusually fast.
You are robust. (+10% HP)


Message History

The boomerang hits the orc but does no damage.
Throw: 10 boomerangs
Press: ? - help, Q - select action, (/) - cycle Shift-Dir - straight line, f/p - orc
Aim: an orc, wielding a +0 club (57% to hit)
You throw a boomerang. The boomerang barely misses the orc.
Throw: 10 boomerangs
Press: ? - help, Q - select action, (/) - cycle Shift-Dir - straight line, f/p - orc
Aim: an orc, wielding a +0 club (57% to hit)
You throw a boomerang. The boomerang closely misses the orc.
The orc priest calls down the wrath of Beogh upon you.
Beogh smites you! The orc hits you but does no damage.
You tentacle-slap the orc. You grab the orc.
The orc is moderately wounded.
You constrict the orc. The orc closely misses you.
You bludgeon the orc!
You kill the orc!
You see here a +0 club.
The orc priest mumbles some strange prayers to Beogh against you.
Pain shoots through your body!
You see here a +0 club.
You barely miss the orc priest. You grab the orc priest.
You constrict the orc priest, but do no damage.
The orc priest calls down the wrath of Beogh upon you.
Beogh smites you!
* * * LOW HITPOINT WARNING * * *
You barely miss the orc priest.
You constrict the orc priest, but do no damage.
The orc priest barely misses you.
The orc shouts!
You tentacle-slap the orc priest but do no damage.
You constrict the orc priest, but do no damage.
You hear a shout!
The orc priest hits you with a +0 dagger.
* * * LOW HITPOINT WARNING * * *
You tentacle-slap the orc priest.
The orc priest is lightly wounded.
You constrict the orc priest.
The orc priest invokes the aid of Beogh against you.
Beogh smites you!
You die...

#.# ##...# ..##.#
#.##.# #.##.#
#.###.##.#######
#..o...#........
#.###..#.###(.#
####.....o@........
#...........##.##..
#.###.##.##.#...#..#
#.#...#.....?..#
##.......#...#..#
#..#.....#..##..#
#..##.##........#
#.........##.##.#
######...##..#.....#.#


You could see an orc priest and an orc.

Levels and vault maps discovered:
D:1:      dpeg_arrival_stonehenge_8_columns, layout_rooms, minmay_pentomino_o4
D:2:      layout_loops_ring, dreamdust_ecumenical_altar_sealed_demon,
          basic_altar, minmay_misc_feat_ornament, minmay_misc_feat_enclosed,
          uniq_jessica
D:3:      layout_loops_cross, minmay_misc_feat_room
D:4:      layout_basic, kennysheep_mini, minmay_temple_entry_enclosed_plants,
          serial_shops, shop
D:5:      layout_loops_ring, hangedman_decor_clover_reticule,
          small_statue_intersection, grunt_ministairs_15,
          kennysheep_generic_room_8, uniq_prince_ribbit1, uniq_edmund

Notes
Turn   | Place    | Note
-------+----------+-------------------------------------------
     0 | D:1      | ABBCCCDDDD the Octopode Chaos Knight began the quest for
                  | the Orb.
     0 | D:1      | Reached XP level 1. HP: 16/16 MP: 1/1
    70 | D:1      | XOM: silly message
    73 | D:1      | Reached XP level 2. HP: 20/21 MP: 2/2
   189 | D:1      | XOM: divination: detect items
   590 | D:1      | XOM: silly message
   897 | D:1      | XOM: scenery: create altars
   933 | D:1      | XOM: divination: magic mapping
   941 | D:1      | Reached XP level 3. HP: 21/26 MP: 3/3
  1004 | D:1      | XOM: give mutations
  1004 | D:1      | Gained mutation: You are robust. (+10% HP) [Xom's grace]
  1004 | D:1      | Gained mutation: Your natural rate of healing is unusually
                  | fast. [Xom's grace]
  1004 | D:1      | Gained mutation: You are partially covered in large bone
                  | plates. (SH +4) [Xom's grace]
  1012 | D:2      | XOM: noise
  1020 | D:2      | XOM: scenery: summon butterflies
  1029 | D:2      | XOM: butterfly on damage
  1214 | D:2      | XOM: scenery: create altars
  1242 | D:2      | Noticed Jessica
  1254 | D:2      | Killed Jessica
  1255 | D:2      | Reached XP level 4. HP: 6/36 MP: 4/4
  1332 | D:2      | Noticed a soul eater
  1333 | D:2      | Found a faded altar of an unknown god.
  1343 | D:2      | XOM: scenery: 1 doors close
  1442 | D:2      | XOM: cloud trail
  1587 | D:2      | Found a burning altar of Makhleb.
  1785 | D:3      | Learned a level 2 spell: Wereblood
  1976 | D:3      | XOM: cloud trail
  2142 | D:3      | Reached XP level 5. HP: 36/40 MP: 5/5
  2342 | D:4      | XOM is BORED!
  2342 | D:4      | XOM: 3-stop teleportation journey
  2351 | D:4      | Reached skill level 1 in Spellcasting
  2351 | D:4      | Reached skill level 1 in Transmutations
  2383 | D:4      | Learned a level 2 spell: Poisonous Vapours
  2513 | D:4      | Found a staircase to the Ecumenical Temple.
  2580 | D:4      | Reached skill level 1 in Poison Magic
  2625 | D:4      | Found a hide-covered altar of Uskayaw.
  2706 | D:3      | Reached skill level 1 in Air Magic
  2706 | D:3      | Reached XP level 6. HP: 36/47 MP: 7/7
  2889 | D:4      | Noticed a two-headed ogre
  2996 | D:4      | XOM: give mutation
  3099 | D:4      | XOM: enchant monster (bad)
  3260 | D:4      | Found Rocreitues's General Store.
  3264 | D:4      | Bought a potion of curing for 39 gold pieces
  3264 | D:4      | Bought a scroll of teleportation for 39 gold pieces
  3271 | D:4      | Bought a scroll of identify for 26 gold pieces
  3517 | D:5      | Entered Level 5 of the Dungeon
  3523 | D:5      | Reached skill level 1 in Stealth
  3581 | D:5      | Noticed a necrophage
  3587 | D:5      | Killed a necrophage
  3588 | D:5      | Reached XP level 7. HP: 44/52 MP: 10/10
  3656 | D:5      | Killed from afar by an orc priest

Table legend: (Time is in decaauts)
 A = Elapsed time spent in this place.
 B = Non-inter-level travel time spent in this place.
 C = Inter-level travel time spent in this place.
 D = Time resting spent in this place.
 E = Time spent auto-exploring this place.
 F = Levels seen in this place.
 G = Mean time per level.
                   A        B        C        D        E       F      G
               +--------+--------+--------+--------+--------+-----+--------+
         Total |   3631 |   3507 |    124 |    615 |   2266 |   5 |  726.2 |
       Dungeon |   3631 |   3507 |    124 |    615 |   2266 |   5 |  726.2 |
               +--------+--------+--------+--------+--------+-----+--------+

Top non-repeatable levels by time:
     D:4: 1096 daAuts
     D:1: 1008 daAuts
     D:2: 707 daAuts
     D:3: 679 daAuts
     D:5: 139 daAuts

Table legend:
 A = Kills in this place as a percentage of kills in entire the game.
 B = Kills by you in this place as a percentage of kills by you in the entire game.
 C = Kills by friends in this place as a percentage of kills by friends in the entire game.
 D = Other kills in this place as a percentage of other kills in the entire game.
 E = Experience gained in this place as a percentage of experience gained in the entire game.
 F = Experience gained in this place divided by the number of levels of this place that you have seen.
                   A       B       C       D       E      F
               +-------+-------+-------+-------+-------+----------------------
         Total | 100.0 | 100.0 |   N/A |   N/A | 100.0 | 128.8
       Dungeon | 100.0 | 100.0 |   N/A |   N/A | 100.0 | 128.8
               +-------+-------+-------+-------+-------+----------------------

Action                   |  1- 3 |  4- 6 |  7- 9 || total
-------------------------+-------+-------+-------++-------
Melee: Unarmed           |    65 |   117 |     6 ||   188
       Constrict         |    17 |    23 |     2 ||    42
       Tentacles         |    11 |    22 |       ||    33
       Punch             |     1 |     3 |       ||     4
Throw: Boomerang         |       |     9 |     5 ||    14
  Use: Potion            |     1 |       |       ||     1
       Scroll            |       |     8 |       ||     8
 Stab: Sleeping          |     2 |     8 |       ||    10
Armor: Skin              |     6 |     4 |     1 ||    11
Dodge: Dodged            |    45 |    45 |     2 ||    92
Block: Other             |     1 |     9 |       ||    10

Vanquished Creatures
  A necrophage (D:5)
  An orc priest (D:4)
  A bullfrog skeleton (D:5)
  2 jellies (D:4)
  A hound (D:5)
  Jessica (D:2)
  An orc wizard (D:3)
  A hound skeleton (D:4)
  7 adders
  An adder skeleton (D:4)
  A worm (D:2)
  9 orcs
  6 ball pythons
  5 endoplasms
  A giant cockroach (D:2)
  7 goblins
  11 hobgoblins
  3 quokkas
  4 bats
  4 frilled lizards
  4 kobolds
  6 rats
78 creatures vanquished.

Vanquished Creatures (others)
  2 demonic plants (D:2)
2 creatures vanquished.

Grand Total: 80 creatures vanquished
